 Dungeon Crawl Stone Soup version 0.23.2-1-ga50397a (webtiles) character file.

Game seed: 582094283499418325

339 Fang the Skirmisher (level 6, 0/60 HPs)
             Began as a Gargoyle Berserker on Apr 30, 2019.
             Was a Priest of Trog.
             Slain by an orc (4 damage)
             ... on level 4 of the Dungeon.
             The game lasted 00:03:27 (3728 turns).

Fang the Skirmisher (Gargoyle Berserker)            Turns: 3728, Time: 00:03:28

Health: 0/60       AC:  6    Str: 28    XL:     6   Next: 55%
Magic:  6/6        EV: 13    Int:  7    God:    Trog [***...]
Gold:   179        SH:  0    Dex: 13    Spells: 5/5 levels left

rFire    . . .     SeeInvis .   a - +0 hand axe
rCold    . . .     Gourm    .   (no shield)
rNeg     + . .     Faith    .   b - +0 animal skin
rPois    ∞         Spirit   .   (no helmet)
rElec    +         Reflect  .   (no cloak)
rCorr    .         Harm     .   (no gloves)
MR       .....                  (no boots)
Stlth    ..........             d - amulet of the acrobat
HPRegen  0.20/turn              p - +4 ring of dexterity
MPRegen  0.10/turn              (no ring)

@: berserking, very quick
A: negative energy resistance 1, electricity resistance, unbreathing,
petrification resistance, rot immunity, AC +4
a: Berserk, Trog's Hand, Renounce Religion


You were on level 4 of the Dungeon.
You worshipped Trog.
Trog was most pleased with you.
You were very hungry.

You visited 1 branch of the dungeon, and saw 4 of its levels.

You collected 179 gold pieces.

Inventory:

Hand Weapons
 a - a +0 hand axe (weapon)
Armour
 b - a +0 animal skin (worn)
Jewellery
 d - an amulet of the acrobat (around neck)
 p - a +4 ring of dexterity (left hand)
 r - an uncursed ring of ice {unknown}
Wands
 n - a wand of polymorph (9)
 q - a wand of paralysis (4)
Scrolls
 f - a scroll of blinking {unknown}
 g - 3 scrolls of identify {unknown}
 h - 3 scrolls of teleportation {unknown}
 k - 2 scrolls of remove curse {unknown}
 o - a scroll of enchant armour {unknown}
 s - a scroll of amnesia {unknown}
Potions
 e - a potion of berserk rage {unknown}
 i - a potion of resistance
 j - 2 potions of curing {unknown}
 l - a potion of agility {unknown}
 m - 2 potions of degeneration {unknown}
 u - a potion of lignification {unknown}
Comestibles
 c - 8 rations
 t - 2 chunks of flesh


   Skills:
 + Level 4.8 Fighting
 + Level 3.9 Axes
 + Level 4.1 Armour
 + Level 3.0 Dodging


You had 5 spell levels left.
You didn't know any spells.
Your spell library was empty.

Dungeon Overview and Level Annotations

Branches:
Dungeon (4/15)
 Temple: D:4-7

Altars:
Dithmenos
Sif Muna
Vehumet

Annotations:
D:4 Menkaure


Innate Abilities, Weirdness & Mutations

You are resistant to torment.
Your stone body is resilient. (AC +4)
You are immune to poison.
You resist negative energy. (rN+)
You are resistant to electric shocks. (rElec)
You can survive without breathing.
You are immune to petrification.
You are immune to rotting.


Message History

You barely miss the orc.
The orc is almost dead.
You hit the orc.
You kill the orc!
Trog accepts your kill.
You hit the orc. The orc misses you. The orc barely misses you.
Menkaure casts a spell.
Menkaure seems to speed up.
The ogre hits you with a +0 giant club!!
Ouch! That really hurt!
* * * LOW HITPOINT WARNING * * *
You are too injured to fight recklessly!
You are too injured to fight recklessly!
You are too injured to fight recklessly!
You are too injured to fight recklessly!
A red film seems to cover your vision as you go berserk!
You feel yourself moving faster!
You feel mighty!
You are feeling very hungry.
The orc hits you.
You die...

#.##.
###.#.
...... ....
#... #M.#
#.####oO#
#.....o@#
#######'##
##...##
##.....##
##.......##
#.........#
+.........+
#..)......#
##.)<....##


You could see an ogre, Menkaure and 2 orcs.

Vanquished Creatures
  An orc priest (D:4)
  Terence (D:3)
  Ijyb (D:3)
  Natasha (thrice) (D:3)
  An orc wizard (D:3)
  Robin (D:3)
  5 adders
  3 worms
  4 dart slugs
  A leopard gecko (D:1)
  10 orcs
  12 goblins
  10 hobgoblins
  3 jackals (D:1)
  2 quokkas (D:3)
  2 ball pythons (D:2)
  9 bats
  6 frilled lizards
  6 kobolds
  12 rats
93 creatures vanquished.

Notes
Turn   | Place    | Note
-------+----------+-------------------------------------------
     0 | D:1      | Fang the Gargoyle Berserker began the quest for the Orb.
     0 | D:1      | Reached XP level 1. HP: 14/14 MP: 1/1
     0 | D:1      | Noticed an octopode
     3 | D:1      | Noticed an ogre
     3 | D:1      | Noticed a centaur
     5 | D:1      | Noticed a draconian
     6 | D:1      | Noticed a troll
     7 | D:1      | Noticed an elf
    10 | D:1      | Noticed a naga
    10 | D:1      | Noticed an octopode
    14 | D:1      | Noticed a minotaur
    16 | D:1      | Noticed a minotaur
    16 | D:1      | Noticed a formicid
    16 | D:1      | Noticed a gargoyle
    18 | D:1      | Noticed an ogre
    20 | D:1      | Noticed a centaur
   452 | D:1      | Reached XP level 2. HP: 17/19 MP: 2/2
   833 | D:1      | Reached ** piety under Trog
  1151 | D:1      | Reached XP level 3. HP: 23/23 MP: 3/3
  1750 | D:2      | Found a shadowy altar of Dithmenos.
  1896 | D:2      | Reached XP level 4. HP: 27/29 MP: 4/4
  2006 | D:3      | Noticed Natasha
  2013 | D:3      | Killed Natasha
  2066 | D:3      | Reached XP level 5. HP: 22/33 MP: 5/5
  2099 | D:3      | Noticed Ijyb
  2104 | D:3      | Reached *** piety under Trog
  2113 | D:3      | Killed Ijyb
  2286 | D:3      | Found a deep blue altar of Sif Muna.
  2444 | D:3      | Found a radiant altar of Vehumet.
  2448 | D:3      | Noticed Natasha
  2462 | D:3      | Killed Natasha
  2504 | D:3      | Noticed Natasha
  2512 | D:3      | Killed Natasha
  2764 | D:3      | Reached XP level 6. HP: 34/39 MP: 6/6
  2949 | D:3      | Noticed Robin
  2955 | D:3      | Killed Robin
  3344 | D:3      | Noticed Terence
  3361 | D:3      | Killed Terence
  3717 | D:4      | Noticed Menkaure
  3728 | D:4      | Slain by an orc

Skill      XL: |  1  2  3  4  5  6 |
---------------+-------------------+-----
Axes           | 3 |  3.9
Dodging        | 2 3 |  3.0
Fighting       | 4 |  4.8
Armour         | 3 4 |  4.1

Action                   |  1- 3 |  4- 6 || total
-------------------------+-------+-------++-------
Melee: Hand axe          |   162 |   171 ||   333
       Unarmed           |       |     3 ||     3
Invok: Berserk           |     1 |     7 ||     8
 Stab: Confused          |       |     1 ||     1
  Eat: Chunk             |     4 |    11 ||    15
Armor: Animal skin       |    65 |    41 ||   106
Dodge: Dodged            |   104 |   116 ||   220
